 Dungeon Crawl Stone Soup version 0.19.0-16-g73b5abf (webtiles) character file.

2326 kroki the Geomancer (level 8, -2/62 HPs)
             Began as a Demigod Earth Elementalist on Nov 10, 2016.
             Slain by a gnoll
             ... wielding a +0 halberd
              (8 damage)
             ... on level 6 of the Dungeon.
             The game lasted 00:12:53 (8449 turns).

kroki the Geomancer (Demigod Earth Elementalist)    Turns: 8449, Time: 00:12:54

Health: -2/62      AC: 11    Str:  9    XL:     8   Next: 99%
Magic:  20/22      EV: 10    Int: 23    God:
Gold:   55         SH:  5    Dex: 16    Spells: 5 memorised, 1 level left

rFire  + + .     SeeInvis +     j - +4 rapier of Valiance {venom, *Contam rF++ MP+9 SInv}
rCold  + . .     Gourm    .     t - +0 ring mail
rNeg   . . .     Faith    .     y - +0 buckler
rPois  .         Spirit   .     z - +0 helmet
rElec  .         Reflect  .     w - +1 cloak
rCorr  .         Harm     .     B - +0 pair of gloves
MR     .....                    (no boots)
Stlth  +.........               (no amulet)
                                (no ring)
                                q - ring of protection from cold {rC+, !d}

@: repel missiles, drained
A: claws 1, slimy green scales 1, high mp 1, weak 1
a: no special abilities


You were on level 6 of the Dungeon.
You were not hungry.

You visited 1 branch of the dungeon, and saw 6 of its levels.

You collected 235 gold pieces.
You spent 180 gold pieces at shops.

Inventory:

Hand Weapons
 a - a +0 whip
   (You took it off a kobold on level 1 of the Dungeon)
 j - the +4 rapier of Valiance (weapon) {venom, *Contam rF++ MP+9 SInv}
   (You bought it in a shop on level 5 of the Dungeon)

   It poisons the flesh of those it strikes.
   It greatly protects you from fire.
   It affects your magic capacity (+9).
   It lets you see invisible.
   It causes magical contamination when unequipped.
 r - a +1 mace of protection
   (You found it on level 2 of the Dungeon)
Missiles
 b - 32 stones (quivered)
Armour
 c - a +0 robe
 t - a +0 ring mail (worn)
   (You found it on level 3 of the Dungeon)
 w - a +1 cloak (worn)
   (You found it on level 5 of the Dungeon)
 y - a +0 buckler (worn)
   (You found it on level 3 of the Dungeon)
 z - a +0 helmet (worn)
   (You took it off Robin on level 3 of the Dungeon)
 B - a +0 pair of gloves (worn)
   (You found it on level 3 of the Dungeon)
Jewellery
 q - a ring of protection from cold (left hand) {rC+, !d}
   (You found it on level 2 of the Dungeon)
Wands
 u - a wand of polymorph (19/24)
   (You found it on level 6 of the Dungeon)
 A - a wand of flame (40/48)
   (You took it off Robin on level 3 of the Dungeon)
 C - a wand of iceblast (5/15)
   (You found it on level 4 of the Dungeon)
Scrolls
 f - 3 scrolls of enchant weapon
 g - 2 scrolls of amnesia
 k - 2 scrolls of remove curse
 m - 2 scrolls of immolation {!r}
 o - a scroll of recharging
 p - 3 scrolls of teleportation
Potions
 l - 2 potions of flight {unknown}
 n - 2 potions of lignification {!q}
 s - 5 potions of curing
 x - a potion of heal wounds
 H - a potion of might
Books
 e - a book of Geomancy
 h - a book of Minor Magic
   (You found it on level 4 of the Dungeon)
Comestibles
 d - 6 bread rations {@e1}
 i - 6 chunks of flesh {@w0}


   Skills:
 - Level 2.8(2.2) Fighting
 + Level 4.6(3.9) Short Blades
 - Level 1.7(1.1) Dodging
 - Level 1.7(1.1) Stealth
 - Level 5.1(4.4) Shields
 - Level 1.7(1.1) Spellcasting
 - Level 0.8(0.2) Transmutations
 - Level 8.6(7.8) Earth Magic


You had one spell level left.
You knew the following spells:

 Your Spells              Type           Power        Failure   Level  Hunger
a - Sandblast             Erth           #####.       1%          1    ##.....
b - Blink                 Tloc           N/A          69%         2    ###....
c - Call Imp              Summ           #.......     69%         2    ###....
d - Repel Missiles        Chrm/Air       #.....       69%         2    ###....
w - Passwall              Tmut/Erth      ###.......   14%         2    ###....


Dungeon Overview and Level Annotations

Branches:
Dungeon (6/15)             Temple (0/1) D:5

Shops:
D:5 (


Innate Abilities, Weirdness & Mutations

You have an increased reservoir of magic. (+10% MP)
You have sharp fingernails.
You are partially covered in slimy green scales. (AC +2)
You are weak. (Str -2)


Message History

You now have 18/22 mp.
There are monsters nearby!
Aim: a hound zombie (almost destroyed)
The blast of sand hits the hound zombie.
You destroy the hound zombie!
You now have 17/22 mp.
There are monsters nearby!
Aim: a jackal The blast of sand hits the jackal.
You kill the jackal!
There are monsters nearby!
Aim: a jackal The blast of sand hits the jackal.
The jackal bites you.
You take 3 damage, and have 57/62 hp.
You now have 16/22 mp.
There are monsters nearby!
Aim: a jackal (moderately wounded)
The blast of sand hits the jackal.
You kill the jackal!
The jackal closely misses you.
You now have 15/22 mp.
There are monsters nearby!
Aim: a jackal The blast of sand hits the jackal.
You kill the jackal!
You now have 14/22 mp.
There are monsters nearby!
Aim: a scorpion The blast of sand misses the scorpion.
The blast of sand hits the gnoll.
The scorpion barely misses you.
You now have 13/22 mp.
There are monsters nearby!
Aim: a scorpion The blast of sand hits the scorpion.
The scorpion stings you but does no damage.
There are monsters nearby!
Aim: a scorpion (severely wounded)
The blast of sand hits the scorpion.
The scorpion stings you but does no damage.
You now have 12/22 mp.
There are monsters nearby!
Aim: a scorpion (almost dead)
The blast of sand hits the scorpion.
You kill the scorpion!
You now have 11/22 mp.
You barely miss the gnoll. You block the gnoll's attack.
You closely miss the gnoll. The gnoll hits you but does no damage.
You hit the gnoll.
The gnoll is poisoned.
You block the gnoll's attack.
You hit the gnoll but do no damage. The gnoll hits you but does no damage.
You kill the gnoll!
The gnoll barely misses you.
The orc warrior hits you with a war axe.
You take 6 damage, and have 55/62 hp.
You closely miss the orc warrior. The gnoll barely misses you.
You block the orc warrior's attack.
You closely miss the orc warrior. The gnoll hits you but does no damage.
The orc warrior barely misses you.
Unknown command.
You hit the orc warrior.
The orc warrior is poisoned.
The gnoll hits you but does no damage.
The orc warrior hits you with a war axe!!
You take 18 damage, and have 37/62 hp.
MASSIVE DAMAGE!!
Things that are here:
a morningstar; a robe
Aim: an orc warrior, wielding a war axe and wearing a chain mail (heavily wounded, poisoned)
The blast of sand misses the orc warrior.
You are feeling very hungry.
You now have 16/22 mp.
You hit the orc warrior but do no damage.
The orc warrior hits you with a war axe!
You take 8 damage, and have 32/62 hp.
You hit the orc warrior but do no damage.
The gnoll hits you but does no damage.
The orc warrior hits you with a war axe!
You take 10 damage, and have 22/62 hp.
Unknown command.
The orc warrior looks more healthy.
You hit the orc warrior.
The orc warrior is poisoned.
The orc warrior hits you but does no damage.
You puncture the orc warrior!
You kill the orc warrior!
The gnoll barely misses you.
Unknown command.
Eating one of 7 chunks of flesh {@w0}.
You start eating one of the 7 chunks of flesh {@w0}.
You are too injured to fight recklessly!
You closely miss the gnoll. The gnoll hits you with a spear.
You take 5 damage, and have 19/62 hp.
You puncture the gnoll!
The gnoll looks as sick as possible!
You kill the gnoll!
The gnoll hits you from afar with a halberd!
* * * LOW HITPOINT WARNING * * *
You take 12 damage, and have 7/62 hp.
The wight hits you with a spear.
* * * LOW HITPOINT WARNING * * *
The gnoll hits you but does no damage.
You see here a spear.
You take 1 damage, and have 6/62 hp.
The gnoll hits you from afar with a halberd!
You die...

#.# #.#.#.# #.#.#.#
#.#.#.# #.#.#.#
#.#.#.# #.#.#.#
#)#.#.#
#.#@#.##############
#gz.................
####################


You could see a wight and a gnoll.

Vanquished Creatures
  The ghost of kroki the Chiller, a novice DgIE (D:5)
  A hungry ghost (D:6)
  Duvessa (D:5)
  An orc warrior (D:6)
  The ghost of Philosophy the Bolt Thrower, an amateur CeHu of Okawaru (D:4)
  A phantom (D:6)
  3 centaurs
  3 ogres
  2 bullfrogs (D:6)
  Dowan (D:5)
  A scorpion (D:6)
  3 wights (D:6)
  2 crimson imps
  A jelly (D:4)
  2 bullfrog skeletons
  A hound (D:5)
  2 orc priests (D:4)
  2 iguanas (D:4)
  4 orc wizards
  3 worker ants
  2 hound zombies
  Robin (D:3)
  2 gnolls (D:6)
  A howler monkey skeleton (D:4)
  6 adders
  A shadow imp (D:6)
  An ooze (D:1)
  An adder skeleton (D:4)
  3 worms
  2 dart slugs
  21 orcs
  8 bats
  3 giant cockroaches
  12 goblins
  9 hobgoblins
  10 jackals
  2 frilled lizards
  A jackal skeleton (D:5)
  9 kobolds
  A leopard gecko skeleton (D:4)
  11 rats
143 creatures vanquished.

Notes
Turn   | Place    | Note
-------+----------+-------------------------------------------
     0 | D:1      | kroki the Demigod Earth Elementalist began the quest for the Orb.
     0 | D:1      | Reached XP level 1. HP: 14/14 MP: 5/5
    67 | D:1      | Reached skill level 3 in Earth Magic
   535 | D:1      | Reached XP level 2. HP: 10/20 MP: 0/7
  1491 | D:2      | Found a sacrificial altar of Ru.
  1532 | D:2      | Found a basalt altar of Yredelemnul.
  1765 | D:2      | Reached skill level 4 in Earth Magic
  1765 | D:2      | Reached XP level 3. HP: 17/26 MP: 0/8
  2362 | D:2      | Learned a level 2 spell: Passwall
  2388 | D:2      | Found a white marble altar of Elyvilon.
  3098 | D:3      | Reached XP level 4. HP: 33/33 MP: 7/9
  3473 | D:3      | Noticed Robin
  3477 | D:3      | Killed Robin
  3550 | D:3      | Reached skill level 1 in Shields
  3727 | D:3      | Reached skill level 5 in Earth Magic
  4047 | D:4      | Noticed Philosophy's ghost (amateur CeHu)
  4059 | D:4      | Killed Philosophy's ghost
  4059 | D:4      | Reached skill level 2 in Shields
  4059 | D:4      | Reached XP level 5. HP: 25/38 MP: 2/10
  4073 | D:4      | Learned a level 2 spell: Repel Missiles
  4076 | D:4      | Learned a level 2 spell: Call Imp
  4897 | D:4      | Reached XP level 6. HP: 28/45 MP: 6/11
  5241 | D:4      | Reached skill level 3 in Shields
  5342 | D:4      | Reached skill level 6 in Earth Magic
  5428 | D:4      | Gained mutation: You are weak. (Str -2) [potion of mutation]
  5428 | D:4      | Gained mutation: You are partially covered in slimy green scales. (AC +2) [potion of mutation]
  5771 | D:4      | Reached XP level 7. HP: 50/50 MP: 6/12
  5983 | D:5      | Entered Level 5 of the Dungeon
  5988 | D:5      | Learned a level 2 spell: Blink
  6094 | D:5      | Reached skill level 4 in Shields
  6239 | D:5      | Noticed kroki's ghost (novice DgIE)
  6240 | D:5      | Found a staircase to the Ecumenical Temple.
  6260 | D:5      | Killed kroki's ghost
  6260 | D:5      | Reached skill level 5 in Shields
  6260 | D:5      | Reached skill level 7 in Earth Magic
  6667 | D:5      | Reached skill level 1 in Fighting
  6808 | D:5      | Noticed Duvessa
  6808 | D:5      | Noticed Dowan
  6830 | D:5      | Killed Duvessa
  6830 | D:5      | Reached XP level 8. HP: 36/59 MP: 0/13
  6835 | D:5      | Killed Dowan
  7076 | D:5      | Reached skill level 2 in Fighting
  7076 | D:5      | Reached skill level 8 in Earth Magic
  7080 | D:5      | Gained mutation: You have sharp fingernails. [potion of beneficial mutation]
  7207 | D:5      | Found Geguf's Antique Weapon Shoppe.
  7211 | D:5      | Bought an ichor-stained rapier for 180 gold pieces
  7211 | D:5      | Identified the +4 rapier of Valiance {venom, *Contam rF++ MP+9 SInv} (You bought it in a shop on level 5 of the Dungeon)
  7580 | D:6      | Found an iron altar of Okawaru.
  8072 | D:6      | Reached skill level 1 in Short Blades
  8092 | D:6      | Reached skill level 2 in Short Blades
  8211 | D:6      | Reached skill level 3 in Short Blades
  8383 | D:6      | Reached skill level 4 in Short Blades
  8447 | D:6      | HP: 7/62 [gnoll/halberd (12)]
  8449 | D:6      | Slain by a gnoll

Skill      XL: |  1  2  3  4  5  6  7  8 |
---------------+-------------------------+-----
Earth Magic    | 3 4 5 6 7 8 |  8.6
Shields        | 2 3 5 |  5.1
Fighting       | 1 2 |  2.8
Short Blades   | 4 |  4.6
Dodging        | |  1.7
Stealth        | |  1.7
Spellcasting   | |  1.7
Transmutations | |  0.8

Action                   |  1- 3 |  4- 6 |  7- 9 || total
-------------------------+-------+-------+-------++-------
Melee: Whip              |    15 |       |       ||    15
       Mace              |    11 |    84 |    11 ||   106
       Rapier            |       |       |   124 ||   124
 Cast: Sandblast         |    93 |    91 |   105 ||   289
       Repel Missiles    |       |       |     2 ||     2
       Passwall          |       |       |     2 ||     2
Evoke: Wand              |       |       |     5 ||     5
  Use: Scroll            |       |     8 |     4 ||    12
       Potion            |       |     5 |     1 ||     6
  Eat: Chunk             |     8 |     6 |    10 ||    24
       Meat ration       |       |     1 |       ||     1
       Royal jelly       |       |       |     1 ||     1
       Fruit             |       |       |     1 ||     1
Armor: Robe              |    14 |       |       ||    14
       Ring mail         |     7 |    76 |    75 ||   158
Dodge: Dodged            |    58 |    68 |   101 ||   227
       Deflected         |       |       |     1 ||     1
Block: Buckler           |       |    24 |    44 ||    68

Vault maps used:
D:1:      lightli_arrival_maybe_door_vault
D:2:      lemuel_coloured_pillars_altar, overflow_temple_1_default,
          nicolae_ru_sacrificial_ziggurat, minmay_octomino_e4
D:3:      kennysheep_generic_room_13, uniq_robin
D:4:      first_bread, grunt_ministairs_5
D:5:      serial_shops, shop, uniq_duvessa
D:6:      marbit_many_paths, lemuel_crystal_altar

Table legend:
 A = Turns spent in this place as a percentage of turns spent in the entire game.
 B = Non-inter-level travel turns spent in this place as a percentage of non-inter-level travel turns spent in the entire game.
 C = Inter-level travel turns spent in this place as a percentage of turns spent in this place.
 D = Turns resting spent in this place as a percentage of non-inter-level travel turns spent in this place.
 E = Turns spent auto-exploring this place as a percentage of non-inter-level travel turns spent in this place.
 F = Non-inter-level travel turns spent in this place divided by the number of levels of this place that you've seen.
                   A       B       C       D       E      F
               +-------+-------+-------+-------+-------+----------------------
         Total | 100.0 | 100.0 |   0.2 |   0.1 |   7.0 | 592.0
       Dungeon | 100.0 | 100.0 |   0.2 |   0.1 |   7.0 | 592.0
               +-------+-------+-------+-------+-------+----------------------

Table legend:
 A = Kills in this place as a percentage of kills in entire the game.
 B = Kills by you in this place as a percentage of kills by you in the entire game.
 C = Kills by friends in this place as a percentage of kills by friends in the entire game.
 D = Other kills in this place as a percentage of other kills in the entire game.
 E = Experience gained in this place as a percentage of experience gained in the entire game.
 F = Experience gained in this place divided by the number of levels of this place that you have seen.
                   A       B       C       D       E      F
               +-------+-------+-------+-------+-------+----------------------
         Total | 100.0 | 100.0 |  -nan |  -nan | 100.0 | 554.0
       Dungeon | 100.0 | 100.0 |  -nan |  -nan | 100.0 | 554.0
               +-------+-------+-------+-------+-------+----------------------
